 Dungeon Crawl Stone Soup version 0.26-a0-597-gb535b0901c (webtiles) character file.

Game seed: 494025782710105479

105 Lanoc the Chopper (level 4, -1/38 HPs)
             Began as a Draconian Gladiator on Aug 30, 2020.
             Was an Initiate of Makhleb.
             Slain by a phantom (7 damage)
             ... on level 5 of the Dungeon.
             The game lasted 00:02:16 (2687 turns).

Lanoc the Chopper (Draconian Gladiator)             Turns: 2687, Time: 00:02:16

Health: -1/38      AC:  5    Str: 17    XL:     4   Next: 54%
Magic:  4/4        EV: 13    Int:  8    God:    Makhleb [......]
Gold:   182        SH:  0    Dex: 13    Spells: 3/3 levels left

rFire    . . .     SeeInvis .   a - +0 war axe
rCold    . . .     Faith    .   (no shield)
rNeg     . . .     Spirit   .   (armour unavailable)
rPois    .         Reflect  .   b - +0 hat
rElec    .         Harm     .   (no cloak)
rCorr    .                      (no gloves)
MR       .....                  (no boots)
Stlth    +.........             (no amulet)
HPRegen  0.12/turn              (no ring)
MPRegen  0.09/turn              (no ring)

@: no status effects
A: unfitting armour, cold-blooded, AC +5
a: Renounce Religion


You were on level 5 of the Dungeon.
You worshipped Makhleb.
Makhleb was noncommittal.
You visited 1 branch of the dungeon, and saw 5 of its levels.

You collected 182 gold pieces.

Inventory:

Hand Weapons
 a - a +0 war axe (weapon)
Missiles
 c - 3 throwing nets (quivered)
Armour
 b - a +0 hat (worn)
Scrolls
 g - 4 scrolls of identify
 j - a scroll of remove curse
 k - 2 scrolls of immolation {unknown}
 l - a scroll of teleportation {unknown}
 n - a scroll of amnesia
Potions
 d - 4 potions of flight {unknown}
 e - a potion of berserk rage {unknown}
 f - 2 potions of heal wounds {unknown}
 h - a potion of mutation {unknown}
 i - a potion of lignification
 m - 2 potions of degeneration {unknown}


   Skills:
 + Level 3.1 Fighting
 * Level 4.2 Axes
 - Level 1.7 Throwing
 + Level 3.2 Dodging
 + Level 1.0 Invocations


You had 3 spell levels left.
You didn't know any spells.
Your spell library was empty.

Dungeon Overview and Level Annotations

Branches:
Dungeon (5/15)
 Temple: D:4-7

Altars:
Cheibriados
Makhleb
Nemelex Xobeh
Ru
Uskayaw
Vehumet
Wu Jian
Xom

Annotations:
D:4 1 transporter, Dowan, Duvessa


Innate Abilities, Weirdness & Mutations

Your plain brown scales are hard. (AC +5)
You cannot fit into any form of body armour.
You are cold-blooded and may be slowed by cold attacks.


Message History

You are too injured to fight recklessly!
You are too injured to fight recklessly!
You are too injured to fight recklessly!
You are too injured to fight recklessly!
You are too injured to fight recklessly!
You barely miss the phantom.
The phantom is lightly damaged.
The phantom hits you.
You hit the phantom.
The phantom is lightly damaged.
The phantom hits you.
* * * LOW HITPOINT WARNING * * *
You slash the phantom!
The phantom is heavily damaged.
The phantom barely misses you. The phantom hits you.
* * * LOW HITPOINT WARNING * * *
You barely miss the phantom.
The phantom is heavily damaged.
The phantom hits you!
You die...

.## ..
##.###
..... ...#
... ###W#
#<@.#
######.###
#.........#
?########.#
... ####


You could see a phantom.

Vanquished Creatures
  3 adders
  2 oozes
  An adder skeleton (D:2)
  3 dart slugs
  3 leopard geckos
  6 orcs
  4 bats
  A giant cockroach (D:3)
  6 goblins
  5 hobgoblins
  2 jackals (D:3)
  2 quokkas
  3 frilled lizards
  6 kobolds
  5 rats
52 creatures vanquished.

Notes
Turn   | Place    | Note
-------+----------+-------------------------------------------
     0 | D:1      | Lanoc the Draconian Gladiator began the quest for the Orb.
     0 | D:1      | Reached XP level 1. HP: 17/17 MP: 1/1
   196 | D:1      | Reached XP level 2. HP: 24/25 MP: 2/2
   383 | D:1      | Reached XP level 3. HP: 21/30 MP: 3/3
   779 | D:2      | Found a burning altar of Makhleb.
   787 | D:2      | Became a worshipper of Makhleb the Destroyer
  1619 | D:3      | Reached skill level 4 in Axes
  1753 | D:3      | Reached XP level 4. HP: 34/38 MP: 4/4
  2119 | D:3      | Found a snail-covered altar of Cheibriados.
  2121 | D:3      | Found a hide-covered altar of Uskayaw.
  2121 | D:3      | Found a sacrificial altar of Ru.
  2122 | D:3      | Found an ornate altar of the Wu Jian Council.
  2124 | D:3      | Found a sparkling altar of Nemelex Xobeh.
  2125 | D:3      | Found a radiant altar of Vehumet.
  2126 | D:3      | Found a shimmering altar of Xom.
  2520 | D:4      | Found a transporter.
  2550 | D:4      | Reached skill level 1 in Invocations
  2589 | D:4      | Noticed Dowan
  2591 | D:4      | Noticed Duvessa
  2604 | D:5      | Entered Level 5 of the Dungeon
  2679 | D:5      | Noticed a phantom
  2687 | D:5      | Slain by a phantom

Illustrated notes

Levels and vault maps discovered:
D:1:      matt_arrival_grand_opening, layout_rooms
D:2:      layout_loops_ring, bloody_makhleb, due_unseen_surprise
D:3:      layout_loops_ring, minitemple, minivault_11
D:4:      layout_cave_pools, kennysheep_mini, gammafunk_ghost_stat_death,
          uniq_duvessa
D:5:      layout_loops_ring, lemuel_crystal_altar, serial_shops,
          nicolae_shop_behind_doors, shop, nicolae_ru_great_annihilating_truth

Skill      XL: |  1  2  3  4 |
---------------+-------------+-----
Dodging        | 3 |  3.2
Fighting       | 3 |  3.1
Axes           | 4 |  4.2
Invocations    | 1 |  1.0
Throwing       | |  1.7

Action                   |  1- 3 |  4- 6 || total
-------------------------+-------+-------++-------
Melee: War axe           |   106 |    43 ||   149
       Tailslap          |    11 |     4 ||    15
  Use: Scroll            |       |     3 ||     3
 Stab: Sleeping          |     1 |       ||     1
Armor: Skin              |    34 |    10 ||    44
Dodge: Dodged            |    81 |    26 ||   107

Table legend: (Time is in decaauts)
 A = Elapsed time spent in this place.
 B = Non-inter-level travel time spent in this place.
 C = Inter-level travel time spent in this place.
 D = Time resting spent in this place.
 E = Time spent auto-exploring this place.
 F = Levels seen in this place.
 G = Mean time per level.
                   A        B        C        D        E       F      G
               +--------+--------+--------+--------+--------+-----+--------+
         Total |   2730 |   2656 |     74 |      0 |   2274 |   5 |  546.0 |
       Dungeon |   2730 |   2656 |     74 |      0 |   2274 |   5 |  546.0 |
               +--------+--------+--------+--------+--------+-----+--------+

Top non-repeatable levels by time:
     D:3: 1008 daAuts
     D:2: 843 daAuts
     D:1: 610 daAuts
     D:4: 182 daAuts
     D:5: 85 daAuts
